 Dungeon Crawl Stone Soup version 0.21-a0-498-g1b60429 (webtiles) character file.

2594299 ziltoidlt2 the Petrodigitator (level 27, 206/206 HPs)
             Began as an Octopode Transmuter on Nov 16, 2017.
             Was an Initiate of Gozag.
             Escaped with the Orb
             ... and 5 runes on Nov 24, 2017!
             The game lasted 16:55:22 (99393 turns).

ziltoidlt2 the Petrodigitator (OpTm)               Turns: 99393, Time: 16:55:23

Health: 206/206    AC: 14    Str: 20    XL:     27
Magic:  36/36      EV: 34    Int: 22    God:    Gozag
Gold:   3047       SH: 17    Dex: 24    Spells: 0/44 levels left

rFire    + + +     SeeInvis +   a - +9 morningstar (elec)
rCold    + + +     Gourm    .   x - +2 shield of Resistance {rF+ rC+ MR+}
rNeg     + + .     Faith    .   W - +2 hat {MR+}
rPois    +         Spirit   +   y - amulet "Plog" {Spirit Str+6 Slay+5 SInv Stlth+}
rElec    .         Reflect  .   B - +5 ring of protection
rCorr    +         Harm     .   P - ring of the Rose {rPois rN+ Slay+2}
MR       +++++     NoTele   +   R - ring of Oenomania {-Tele MR+ Dex+3 Slay+2}
Stlth    ++++......             Y - ring "Latzykk" {rC+ rN+}
HPRegen  0.44/turn              u - ring of Shadows {Umbra +Inv Stlth+}
MPRegen  0.25/turn              i - ring "Caukaer" {rCorr rPois Int-2 Dex+3}
                                L - ring "Gogon" {rPois rF+ Dex+4}
                                K - ring "Neocas" {rPois rF+ rC+ Str+2 SInv}

@: very slightly contaminated, wreathed by umbra, invisible
A: almost no armour, stealthy swim, amphibious, 8 rings, constrict 8, antennae
1, tentacle spike 1, iridescent scales 2, molten scales 1, camouflage 1, clumsy
1, magic resistance 1, strong 1, gelatinous body 1
0: Orb of Zot
}: 5/15 runes: barnacled, slimy, silver, abyssal, gossamer
a: Potion Petition, Call Merchant, Bribe Branch, Renounce Religion


You escaped.
You worshipped Gozag.
Gozag was most pleased with you.
You were not hungry.

You visited 12 branches of the dungeon, and saw 58 of its levels.
You visited the Abyss 1 time.
You also visited: Ice Cave.

You collected 38903 gold pieces.
You spent 10992 gold pieces at shops.
You paid 24864 gold pieces to Gozag.

Inventory:

Hand Weapons
 a - a +9 morningstar of electrocution (weapon)
 b - the +11 hand crossbow of the Wolf {speed, rPois Int+9}
   (You found it on level 3 of the Elven Halls)

   Attacks with this weapon are significantly faster.
   It affects your intelligence (+9).
   It protects you from poison.
Missiles
 n - 1706 arrows
 o - 1547 bolts
Armour
 x - the +2 shield of Resistance (worn) {rF+ rC+ MR+}
   (You found it on level 4 of the Vaults)

   It protects you from fire.
   It protects you from cold.
   It affects your resistance to hostile enchantments.
 W - a +2 hat of magic resistance (worn)
Magical Staves
 w - an uncursed staff of energy
Jewellery
 i - the ring "Caukaer" (on tentacle) {rCorr rPois Int-2 Dex+3}
   (You took it off a deep elf demonologist on level 3 of the Elven Halls)

   [ring of resist corrosion]

   It affects your intelligence (-2).
   It affects your dexterity (+3).
   It protects you from poison.
 u - the ring of Shadows (on tentacle) {Umbra +Inv Stlth+}
   (You took it off a deep elf sorcerer on level 3 of the Elven Halls)

   [ring of stealth]

   It lets you turn invisible.
   It makes you more stealthy.
 y - the amulet "Plog" (around mantle) {Spirit Str+6 Slay+5 SInv Stlth+}
   (You bought it in a shop on level 4 of the Depths)

   [amulet of guardian spirit]

   It causes incoming damage to be split between your health and magic.
   It affects your strength (+6).
   It affects your accuracy and damage with ranged weapons and melee attacks
   (+5).
   It lets you see invisible.
   It makes you more stealthy.
 B - a +5 ring of protection (left tentacle)
 K - the ring "Neocas" (on tentacle) {rPois rF+ rC+ Str+2 SInv}
   (You found it on level 15 of the Dungeon)

   [ring of protection from cold]

   It affects your strength (+2).
   It protects you from fire.
   It protects you from cold.
   It protects you from poison.
   It lets you see invisible.
 L - the ring "Gogon" (on tentacle) {rPois rF+ Dex+4}
   (You bought it in a shop on level 11 of the Dungeon)

   [ring of dexterity]

   It affects your dexterity (+4).
   It protects you from fire.
   It protects you from poison.
 P - the ring of the Rose (right tentacle) {rPois rN+ Slay+2}
   (You bought it in a shop on level 1 of the Depths)

   [ring of poison resistance]

   It affects your accuracy and damage with ranged weapons and melee attacks
   (+2).
   It protects you from poison.
   It protects you from negative energy.
 R - the ring of Oenomania (on tentacle) {-Tele MR+ Dex+3 Slay+2}
   (You found it on level 5 of the Vaults)

   [ring of dexterity]

   It affects your dexterity (+3).
   It affects your accuracy and damage with ranged weapons and melee attacks
   (+2).
   It affects your resistance to hostile enchantments.
   It prevents most forms of teleportation.
 Y - the ring "Latzykk" (on tentacle) {rC+ rN+}
   (You bought it in a shop on level 1 of the Elven Halls)

   [ring of positive energy]

   It protects you from cold.
   It protects you from negative energy.
Wands
 Q - a wand of clouds (15)
 V - a wand of digging (22)
Scrolls
 c - 11 scrolls of identify
 d - 4 scrolls of fog
 f - 19 scrolls of teleportation
 g - 9 scrolls of magic mapping
 m - 11 scrolls of amnesia
 r - 5 scrolls of fear
 s - a scroll of silence
 v - a scroll of torment
 z - 29 scrolls of remove curse
 C - 14 scrolls of blinking
 H - a scroll of holy word
 I - 8 scrolls of immolation
 J - 4 scrolls of summoning
Potions
 e - 10 potions of heal wounds
 j - 2 potions of invisibility
 k - 13 potions of flight
 l - 32 potions of curing
 p - 6 potions of agility
 q - 7 potions of brilliance
 A - 2 potions of mutation
 D - 2 potions of haste
 E - 12 potions of berserk rage
 G - 5 potions of cancellation
 N - 3 potions of magic
 O - 5 potions of resistance
 Z - 9 potions of might
Miscellaneous
 F - 2 sacks of spiders
 U - a box of beasts
 X - 4 phantom mirrors
Comestibles
 t - 9 meat rations


   Skills:
 + Level 21.5 Fighting
 - Level 16.0 Maces & Flails
 - Level 10.0 Crossbows
 + Level 21.5 Dodging
 - Level 11.4 Stealth
 - Level 15.0 Shields
 - Level 7.0 Unarmed Combat
 - Level 9.2 Spellcasting
 - Level 3.0 Hexes
 - Level 10.4 Charms
 - Level 4.0 Necromancy
 - Level 6.0 Translocations
 - Level 16.0 Transmutations
 O Level 27 Earth Magic
   Level 3.3 Poison Magic
 - Level 11.0 Evocations


You couldn't memorise any spells.
You knew the following spells:

 Your Spells              Type           Power        Failure   Level  Hunger
a - Passage of Golubria   Tloc           N/A          5%          4    ##.....
b - Sticks to Snakes      Tmut           ######..     0%          2    None
c - Shroud of Golubria    Chrm/Tloc      #####.....   1%          2    None
d - Blink                 Tloc           N/A          1%          2    None
e - Statue Form           Tmut/Erth      #######..    1%          6    ######.
f - Spectral Weapon       Hex/Chrm       #####...     1%          3    None
g - Regeneration          Chrm/Necr      #####.....   1%          3    None
h - Swiftness             Chrm/Air       ####....     1%          2    None
i - Ozocubu's Armour      Chrm/Ice       ####....     2%          3    None
j - Song of Slaying       Chrm           ######..     1%          2    None
k - Portal Projectile     Hex/Tloc       ####..       3%          3    None
l - Apportation           Tloc           #####.       1%          1    None
m - Shatter               Erth           #######...   12%         9    #######
n - Passwall              Tmut/Erth      #######...   0%          2    None


Dungeon Overview and Level Annotations

Branches:
Dungeon (15/15)            Temple (1/1) D:5            Lair (6/6) D:8
 Shoals (4/4) Lair:2       Spider (4/4) Lair:3        Slime (5/5) Lair:5
    Orc (2/2) D:11            Elf (3/3) Orc:2        Vaults (5/5) D:13
  Crypt (3/3) Vaults:3       Tomb (0/3) Crypt:3      Depths (5/5) D:15
    Zot (5/5) Depths:5

Altars:
Ashenzari
Cheibriados
Dithmenos
Elyvilon
Fedhas
Gozag
Hepliaklqana
Kikubaaqudgha
Makhleb
Nemelex Xobeh
Okawaru
Qazlal
Ru
Sif Muna
Trog
Uskayaw
Vehumet
Wu Jian
Yredelemnul
Zin
The Shining One
Beogh
Jiyva

Shops:
D:6 :   D:8 %   D:10 (   D:11 =   D:13 (   D:14 }   D:15 ((   Orc:2 *?%?
Elf:1 =**   Elf:2 ?   Lair:2 !=   Lair:5 ?   Vaults:1 %   Vaults:3 [
Vaults:4 *   Depths:1 =   Depths:4 }=}*!*

Portals:
Hell: Depths:1 Depths:2 Depths:3 Depths:4 Depths:5
Abyss: Depths:4
Pandemonium: Depths:3
Ziggurat: Depths:1

Annotations:
D:2 exclusion: adder
D:3 staff + sigmund
D:9 Deep elf mage
Lair:4 exclusion: 2 oklob plants
Lair:5 Kirke
Shoals:3 exclusion: kraken


Innate Abilities, Weirdness & Mutations

You cannot wear most types of armour.
You are very stealthy in the water. (Stealth+)
You are amphibious.
You can wear up to eight rings at the same time.
You can use your tentacles to constrict eight enemies at once.
Your skin changes colour to match your surroundings (Stealth+).
Your rubbery body absorbs attacks. (AC +1, EV +1)
You have a pair of small antennae on your head.
One of your tentacles bears a spike.
You are mostly covered in iridescent scales. (AC +4)
You are partially covered in molten scales. (AC +2)
You are clumsy. (Dex -2)
You are resistant to hostile enchantments. (MR+)
Your muscles are strong. (Str +2)


Message History

There is a stone staircase leading down here.
There is a stone staircase leading up, spattered with blood here.
You climb upwards.
Level annotation: exclusion: adder
There is a stone staircase leading down here.
There is a stone staircase leading up here.
You climb upwards.
There is a stone staircase leading down here.
You see here a club.
You open the gate.
There is an open gate here. 2 monstrous demonspawn come into view.
You fade into invisibility!
You are very lightly contaminated with residual magic.
You feel quite a bit more hungry.
Okay, then.
Don't expect to remain undetected while in the water.
There is a staircase leading out of the dungeon here.
Char dumped successfully.
You have escaped!

### #.##..♣PP♣
P♣♣###...# #.##....P♣.P♣
##### #.##..♣♣.P.P
#.##..♣.♣PPP♣♣#
#.##...♣♣P♣P♣.# ##
#.#####'♣♣♣♣#.# #.
######)## #.......# #.
#.......################
#.
#.......##......@......#
#.
#.......##......6.6....#
#.
#.......###...≈≈≈≈≈...##
#. #.......#
#...≈≈≈≈≈...# ##
#.......# ##...≈≈≈...##
#.......# #...≈≈≈...#
#.......# ##...≈...##
######.## #...≈...#
.......## ##.....##


You could see 2 demonspawn.

Vanquished Creatures
  the Royal Jelly (Slime:5)
  7 ancient liches
  6 orbs of fire
  Mennas (Crypt:1)
  The ghost of melvinkitnick the Conqueror, a master MiGl of the Shining One (Zot:2)
  Boris (Crypt:1)
  Bai Suzhen (Vaults:4)
  2 Killer Klowns
  2 curse toes
  Saint Roka (Crypt:1)
  Xtahua (Vaults:2)
  10 golden dragons
  Nikola (Elf:2)
  Jory (Crypt:1)
  3 bone dragons
  2 profane servitors
  7 electric golems
  Jorgrun (Shoals:4)
  Rupert (D:14)
  11 tentacled monstrosities
  9 Orb Guardians
  6 titans
  Asterion (D:14)
  9 quicksilver dragons
  3 liches
  4 deep elf blademasters (Elf:3)
  A deep elf master archer (Elf:3)
  22 acid blobs
  2 Executioners
  8 death cobs
  7 tentacled starspawn
  6 sphinxes
  A kraken (Shoals:4)
  13 shadow dragons
  Polyphemus (Shoals:4)
  5 ancient champions
  Roxanne (Shoals:4)
  12 draconian monks
  9 tengu reavers
  13 azure jellies
  13 storm dragons
  The ghost of asdu the Black Belt, an adept MfTm of Wu Jian (Spider:3)
  4 revenants
  11 fire giants
  A daeva (Abyss:2)
  15 frost giants
  The ghost of MirrMurr the Brawler, a journeyman TrHu of Okawaru (Shoals:1)
  Ilsuiw (Shoals:3)
  12 vault wardens
  3 iron dragons
  The ghost of zero the Severer, an adept GrBe of Trog (Spider:3)
  Louise (Elf:1)
  9 deep elf sorcerers
  2 curse skulls
  12 ghost moths
  2 emperor scorpions
  A draconian shifter (Crypt:1)
  3 deep elf elementalists
  4 draconian knights
  An orc warlord (Orc:2)
  3 draconian scorchers
  7 draconian annihilators
  12 ironheart preservers
  5 ghouls (Crypt:2)
  6 draconian stormcallers
  31 very ugly things
  A caustic shrike skeleton (Crypt:2)
  4 war gargoyles
  23 stone giants
  22 vampire knights
  4 entropy weavers
  5 purple draconians
  A lorocyproca (Abyss:2)
  10 deep elf demonologists
  9 red draconians
  8 black draconians
  10 green draconians
  Azrael (D:15)
  2 blizzard demons (IceCv)
  3 yellow draconians
  5 spark wasps
  7 deep elf annihilators
  5 white draconians
  Snorg (Orc:1)
  13 deep elf death magi
  A quicksilver dragon zombie (Crypt:3)
  4 eidola
  7 death oozes (Slime:5)
  6 merfolk javelineers
  20 fire dragons
  14 yaktaur captains
  A green death (Zot:2)
  13 ettins
  6 merfolk impalers
  The ghost of mortelune the Cleaver, a journeyman MiBe of Trog (D:11)
  18 jiangshi
  Erolcha (Orc:2)
  14 deep elf high priests
  9 great orbs of eyes
  33 vault guards
  7 rakshasas
  A monstrous demonspawn (D:11)
  3 naga warriors
  A hell beast (D:15)
  6 hydras
  3 spriggan air magi
  22 ice dragons
  2 catoblepae
  6 merfolk avatars
  42 two-headed ogres
  2 death knights
  16 centaur warriors
  16 ogre magi
  6 merfolk aquamancers
  A satyr (Shoals:3)
  An alligator snapping turtle (Shoals:2)
  A titan zombie (Crypt:3)
  12 tengu warriors
  2 deep troll earth magi
  11 death yaks
  11 vampire magi
  4 deep troll shamans
  11 thrashing horrors
  6 spriggan berserkers
  5 orc high priests
  2 spriggans (Depths:5)
  Nergalle (D:10)
  11 soul eaters
  20 deep elf knights
  6 shadow wraiths
  2 wretched stars (Abyss:2)
  2 storm dragon zombies (Crypt:3)
  A fire crab (shapeshifter) (Zot:3)
  An iron troll (Depths:1)
  2 sun demons
  2 sixfirhies
  A golden dragon zombie (Depths:1)
  48 skeletal warriors
  A ghost moth zombie (Crypt:3)
  3 unseen horrors
  7 sea snakes
  17 deep trolls
  3 orange crystal statues
  15 deep elf archers
  3 flayed ghosts
  An unseen horror (shapeshifter) (Vaults:3)
  3 wizards
  10 glowing orange brains
  76 starcursed masses
  16 ironbrand convokers
  A lindwurm (shapeshifter) (Depths:3)
  Pikel (D:6)
  21 harpies
  19 orc knights
  20 phantasmal warriors
  2 stone giant zombies
  A cyclops (shapeshifter) (D:15)
  20 orb spiders
  7 orc sorcerers
  39 wolf spiders
  3 fire giant zombies
  A manticore (shapeshifter) (D:9)
  69 deep elf magi
  8 necromancers
  A shadow dragon skeleton (Crypt:3)
  12 fauns
  7 shining eyes
  46 ugly things
  A salamander (Depths:4)
  11 cyclopes
  13 elephants
  12 manticores
  2 sphinx skeletons (Vaults:3)
  A moth of wrath (shapeshifter) (D:15)
  3 water nymphs
  3 worldbinders
  7 black mambas
  24 moths of wrath
  3 apocalypse crabs (Abyss:4)
  A fire giant skeleton (Vaults:4)
  13 merfolk sirens
  An iron dragon skeleton (Abyss:2)
  6 smoke demons
  15 vault sentinels
  A guardian serpent (Abyss:5)
  A naga mage (D:15)
  A shock serpent zombie (Crypt:3)
  A frost giant skeleton (Vaults:3)
  A rust devil (D:15)
  A yaktaur zombie (Vaults:4)
  2 orange demons (Zot:2)
  2 gargoyles
  10 spiny frogs
  An eye of devastation (Slime:3)
  A hellion (Abyss:4)
  2 torpor snails
  A pale draconian zombie (Crypt:1)
  43 yaktaurs
  2 rime drakes (shapeshifter) (Vaults:3)
  4 kobold demonologists
  8 ice devils
  A yaktaur (shapeshifter) (Vaults:4)
  2 anaconda simulacra (IceCv)
  3 rime drakes (Lair:6)
  16 demonic crawlers
  8 freezing wraiths
  A redback zombie (D:13)
  3 efreet
  15 komodo dragons
  A death yak skeleton (Crypt:2)
  A black draconian skeleton (Crypt:1)
  A hydra zombie (Crypt:3)
  5 ancient zymes
  4 tengu conjurers
  A sea snake skeleton (Crypt:2)
  2 yaktaur skeletons
  A red devil (Abyss:3)
  2 golden dragon simulacra (IceCv)
  2 meliai (shapeshifter)
  A guardian mummy (Zot:4)
  A wolf spider simulacrum (IceCv)
  46 jumping spiders
  31 merfolk
  8 wind drakes
  2 hornets (shapeshifter)
  14 trolls
  5 human skeletons
  7 polar bears
  A harpy skeleton (D:14)
  A silent spectre (Crypt:1)
  Grinder (D:5)
  4 dream sheep (Shoals:2)
  A dream sheep (shapeshifter) (Abyss:4)
  10 blink frogs
  An ice dragon zombie (Abyss:2)
  17 hornets
  101 slime creatures
  A hydra skeleton (Crypt:3)
  9 snapping turtles
  4 ettin zombies
  2 fire dragon zombies (Crypt:3)
  18 hippogriffs
  18 raiju
  2 centaur simulacra (D:15)
  A hippogriff (shapeshifter) (Zot:4)
  A meliai zombie (D:12)
  3 flying skulls (Abyss:4)
  68 redbacks
  23 large abominations
  20 water elementals
  A spriggan (shapeshifter) (Depths:3)
  3 ynoxinuls
  6 shadows
  A black mamba zombie (Crypt:3)
  32 tarantellas
  12 wraiths
  Sigmund (D:3)
  An ettin skeleton (Vaults:3)
  A black mamba skeleton (Crypt:1)
  2 redbacks (shapeshifter)
  A yak (shapeshifter) (Vaults:2)
  A golden eye (shapeshifter) (Vaults:1)
  A tyrant leech zombie (Crypt:1)
  A basilisk (Lair:6)
  A vampire (Abyss:2)
  6 fire elementals
  33 yaks
  4 dire elephant simulacra (IceCv)
  2 fire bats (Abyss:1)
  5 wyverns
  4 hungry ghosts (D:14)
  4 chaos spawn
  3 hogs (Lair:5)
  9 neqoxecs
  Grum (D:9)
  A human simulacrum (Vaults:2)
  25 golden eyes
  5 vampire mosquitoes
  10 small abominations
  2 elf skeletons
  4 iron troll simulacra (IceCv)
  4 nagas
  A torturous demonspawn zombie (Crypt:3)
  A death yak simulacrum (IceCv)
  11 wargs
  9 swamp worms (D:13)
  3 spatial vortices (Abyss:4)
  3 harpy simulacra (IceCv)
  14 water moccasins
  A soldier ant (shapeshifter) (Vaults:3)
  2 floating eyes (shapeshifter)
  A merfolk zombie (Crypt:3)
  A water moccasin (shapeshifter) (Abyss:2)
  An acid dragon (Vaults:2)
  5 floating eyes
  5 hell hounds
  A minotaur simulacrum (Crypt:1)
  8 porcupines
  A merfolk skeleton (Crypt:1)
  2 ice beasts
  An ettin simulacrum (Crypt:1)
  71 orc warriors
  A phantom (D:11)
  3 black bears
  6 eyes of draining
  2 sky beasts
  A snapping turtle zombie (Crypt:3)
  37 ogres
  7 wolves
  15 boggarts
  3 necrophages
  18 centaurs
  A dream sheep skeleton (Crypt:2)
  17 crocodiles
  A rime drake zombie (Crypt:2)
  3 big kobolds
  19 bullfrogs
  An octopode zombie (Crypt:1)
  An earth elemental (Elf:3)
  2 wyvern skeletons
  A wyvern zombie (D:14)
  A water moccasin zombie (Crypt:1)
  4 scorpions
  A water moccasin skeleton (D:5)
  A queen bee zombie (Crypt:3)
  An elephant simulacrum (IceCv)
  A swamp dragon simulacrum (IceCv)
  9 killer bees (D:10)
  11 wights
  3 howler monkeys
  8 electric eels
  8 crimson imps
  6 centaur zombies
  3 bullfrog zombies
  2 draconian simulacra (IceCv)
  11 hounds
  5 quasits
  5 iron imps
  22 jellies
  40 orc priests
  A wyvern simulacrum (D:15)
  2 bullfrog skeletons
  11 centaur skeletons
  2 gnoll shamans
  2 iguanas
  A demonspawn skeleton (Crypt:1)
  Terence (D:3)
  30 orc wizards
  5 hell rats
  13 worker ants
  A troll simulacrum (IceCv)
  2 wolf simulacra (IceCv)
  A killer bee zombie (D:5)
  A demigod skeleton (Crypt:1)
  A hound zombie (D:9)
  4 hound skeletons
  A mummy (D:13)
  3 worker ant zombies
  9 gnolls
  21 adders
  A naga simulacrum (IceCv)
  3 ogre simulacra (IceCv)
  A swamp drake skeleton (Crypt:3)
  3 shadow imps
  12 white imps
  7 ufetubi
  8 oozes
  An adder skeleton (D:6)
  2 adder zombies
  An iguana zombie (Crypt:1)
  15 worms
  4 dart slugs
  5 leopard geckos
  177 orcs
  10 bats
  3 giant cockroaches
  5 goblins
  8 hobgoblins
  A jackal (shapeshifter) (Vaults:5)
  13 jackals
  23 kobolds
  3 quokkas
  5 ball pythons
  A ball python skeleton (Crypt:3)
  7 frilled lizards
  A gnoll skeleton (Crypt:2)
  3 kobold zombies
  An orc zombie (Crypt:3)
  A quokka skeleton (D:7)
  9 rats
  A lurking horror (Abyss:2)
  A starspawn tentacle (Abyss:4)
  4 tentacles (Shoals:4)
3119 creatures vanquished.

Vanquished Creatures (collateral kills)
  An ancient lich (Zot:5)
  4 Killer Klowns (Zot:5)
  A golden dragon (Zot:5)
  An electric golem (Zot:5)
  9 Orb Guardians (Zot:5)
  A draconian stormcaller (Zot:5)
  2 draconian shifters (Zot:5)
  A purple draconian (Zot:5)
  A white draconian (Zot:5)
  Fannar (Lair:1)
  A death yak (Lair:4)
  A two-headed ogre (D:10)
  4 elephants (Lair:5)
  A spiny frog (Lair:1)
  A rime drake (Lair:3)
  A hornet (D:10)
  3 blink frogs (Lair:1)
  A hippogriff (D:11)
  A wyvern (D:8)
  3 yaks
  2 ogres (D:6)
  A crocodile (Lair:3)
  The ghost of p0werm0de the Sneak, an amateur FeCK of Xom (D:3)
  4 scorpions
  A wight (D:7)
  An orc wizard (D:7)
  2 worker ants (Lair:3)
  2 gnolls (D:2)
  A white imp (Zot:5)
  3 orcs (D:7)
  2 giant cockroaches (Lair:3)
  A fungus (Lair:3)
60 creatures vanquished.

Vanquished Creatures (others)
  2 ancient liches (Zot:5)
  2 orbs of fire (Zot:5)
  3 Killer Klowns (Zot:5)
  9 Orb Guardians (Zot:5)
  A storm dragon (Zot:5)
  A draconian shifter (Zot:5)
  A draconian stormcaller (Zot:5)
  A ghost moth (Zot:5)
  A deep elf elementalist (Elf:2)
  A yellow draconian (Zot:5)
  2 merfolk javelineers
  2 yaktaur captains (Depths:4)
  26 dancing weapons
  A deep elf knight (Elf:2)
  A deep troll (D:15)
  3 deep elf archers (Elf:2)
  A faun (Shoals:2)
  4 deep elf magi
  2 moths of wrath (Zot:5)
  A cyclops (Shoals:1)
  A komodo dragon (D:15)
  3 yaktaurs
  A red devil (Zot:5)
  A merfolk (Shoals:4)
  A human (Crypt:1)
  A boggart (D:15)
  An ogre (Vaults:2)
  A centaur (D:13)
  A small abomination (Abyss:2)
  A killer bee (D:12)
  2 orc priests
  An iguana (D:15)
  3 orcs
  2 bushes (Lair:6)
  47 fungi
  A lurking horror (Abyss:4)
  33 plants
  53 spectral weapons
  16 starspawn tentacles
  13 tentacles (Shoals:4)
  5 withered plants (D:13)
253 creatures vanquished.

Grand Total: 3432 creatures vanquished

Notes
Turn   | Place    | Note
-------+----------+-------------------------------------------
     0 | D:1      | ziltoidlt2 the Octopode Transmuter began the quest for the Orb.
     0 | D:1      | Reached XP level 1. HP: 13/13 MP: 3/3
   365 | D:1      | Reached skill level 1 in Stealth
   377 | D:1      | Reached XP level 2. HP: 16/18 MP: 5/5
   381 | D:1      | Learned a level 2 spell: Sticks to Snakes
   969 | D:1      | Reached XP level 3. HP: 19/23 MP: 4/6
  1055 | D:1      | Learned a level 3 spell: Spider Form
  1555 | D:1      | Reached skill level 1 in Poison Magic
  1842 | D:2      | Found a glowing golden altar of the Shining One.
  1933 | D:2      | Reached XP level 4. HP: 28/28 MP: 0/7
  2754 | D:2      | Found a basalt altar of Yredelemnul.
  2819 | D:2      | Reached XP level 5. HP: 30/33 MP: 5/8
  2866 | D:3      | Noticed p0werm0de's ghost (amateur FeCK)
  3095 | D:3      | Noticed Sigmund
  3127 | D:3      | Killed p0werm0de's ghost
  3464 | D:3      | Noticed Terence
  3518 | D:3      | Killed Terence
  3526 | D:3      | Reached XP level 6. HP: 36/38 MP: 2/9
  4383 | D:3      | Found a shattered altar of Ashenzari.
  4437 | D:3      | Found a bloodstained altar of Trog.
  4794 | D:4      | Reached skill level 5 in Transmutations
  4794 | D:4      | Reached XP level 7. HP: 45/45 MP: 6/10
  5548 | D:4      | Found a glowing golden altar of the Shining One.
  5718 | D:5      | Entered Level 5 of the Dungeon
  5722 | D:5      | Found a snail-covered altar of Cheibriados.
  6073 | D:5      | Reached XP level 8. HP: 46/54 MP: 8/11
  6208 | D:5      | Reached skill level 5 in Unarmed Combat
  6738 | D:5      | Found a staircase to the Ecumenical Temple.
  6753 | D:5      | Learned a level 2 spell: Blink
  6763 | Temple   | Entered the Ecumenical Temple
  6783 | Temple   | Became a worshipper of Gozag Ym Sagoz the Greedy
  6893 | D:5      | Reached skill level 1 in Translocations
  7230 | D:5      | Noticed Grinder
  7389 | D:6      | Found a shadowy altar of Dithmenos.
  7566 | D:6      | Reached skill level 5 in Dodging
  7947 | D:6      | Reached XP level 9. HP: 59/60 MP: 8/12
  8000 | D:6      | Found Soqijaus's Book Emporium.
  8402 | D:7      | Reached skill level 5 in Fighting
  8666 | D:7      | Noticed Pikel
  9051 | D:6      | Killed Pikel
  9305 | D:7      | Found a blossoming altar of Fedhas.
  9309 | D:7      | Found a deep blue altar of Sif Muna.
  9566 | D:3      | Killed Sigmund
  9683 | D:8      | Upgraded the game from 0.21-a0-442-g848f44b to 0.21-a0-444-g29a2fec
  9738 | D:8      | Found Zin's Purification Station.
  9830 | D:8      | Found a glowing silver altar of Zin.
  9833 | D:8      | Bought a potion of curing for 90 gold pieces
 10340 | D:8      | Found a staircase to the Lair.
 10457 | D:8      | Killed an unseen horror
 10457 | D:8      | Reached XP level 10. HP: 48/68 MP: 11/14
 10489 | D:8      | Found a shadowy altar of Dithmenos.
 10670 | D:6      | Bought a book of Transfigurations for 770 gold pieces
 10677 | D:6      | Learned a level 6 spell: Statue Form
 10863 | D:8      | Reached skill level 1 in Earth Magic
 10893 | D:8      | Reached skill level 2 in Earth Magic
 10914 | D:8      | Found a radiant altar of Vehumet.
 10945 | D:8      | Noticed a two-headed ogre
 10984 | D:8      | Killed a two-headed ogre
 10984 | D:8      | Reached skill level 3 in Earth Magic
 11086 | D:8      | Found Plog's Food Shoppe.
 11245 | Lair:1   | Entered Level 1 of the Lair of Beasts
 11533 | D:9      | Reached skill level 4 in Earth Magic
 11700 | D:9      | Noticed a deep elf mage
 11791 | D:9      | Noticed Grum
 11813 | D:9      | Reached skill level 5 in Earth Magic
 11814 | D:9      | Killed Grum
 12134 | D:9      | Reached skill level 6 in Earth Magic
 12722 | D:9      | Noticed a two-headed ogre
 12741 | D:9      | Killed a two-headed ogre
 12741 | D:9      | Reached skill level 7 in Earth Magic
 12741 | D:9      | Reached XP level 11. HP: 59/72 MP: 5/15
 13037 | D:8      | HP: 2/72 [yak (14)]
 13769 | Lair:1   | Reached skill level 8 in Earth Magic
 13921 | Lair:1   | Noticed Fannar
 14487 | Lair:2   | Bought a potion of heal wounds for 60 gold pieces
 15762 | Lair:3   | Reached skill level 9 in Earth Magic
 16303 | Lair:3   | Reached skill level 10 in Transmutations
 16529 | Lair:3   | Noticed a seven-headed hydra
 16864 | Lair:2   | Gained mutation: You are resistant to hostile enchantments. (MR+) [potion of mutation]
 16864 | Lair:2   | Gained mutation: You are partially covered in slimy green scales. (AC +2) [potion of mutation]
 16864 | Lair:2   | Gained mutation: Your natural rate of healing is unusually fast. [potion of mutation]
 16864 | Lair:2   | Gained mutation: Your skin blends seamlessly with your surroundings (Stealth++). [potion of mutation]
 17042 | D:9      | Noticed a satyr
 17300 | Lair:1   | Reached XP level 12. HP: 79/79 MP: 13/16
 17387 | Lair:1   | Reached skill level 10 in Earth Magic
 17500 | Lair:1   | Upgraded the game from 0.21-a0-444-g29a2fec to 0.21-a0-450-gd87a9b2
 17626 | D:10     | Entered Level 10 of the Dungeon
 17777 | D:10     | Noticed Nergalle
 18481 | D:10     | Killed Nergalle
 18666 | D:10     | Noticed a two-headed ogre
 18678 | D:10     | Killed a two-headed ogre
 19437 | D:11     | Noticed mortelune's ghost (journeyman MiBe)
 19616 | D:5      | Killed Grinder
 20020 | Lair:2   | Found a staircase to the Shoals.
 20340 | Lair:3   | Reached skill level 11 in Earth Magic
 20560 | D:10     | Bought a dazzling mace for 248 gold pieces
 20560 | D:10     | Identified the +8 mace "Testudinebane" {freeze, Int+7} (You bought it in a shop on level 10 of the Dungeon)
 20561 | D:10     | Bought a faintly glowing long sword for 263 gold pieces
 20561 | D:10     | Identified the cursed +1 long sword of the Valley {freeze, rElec rC+} (You bought it in a shop on level 10 of the Dungeon)
 20775 | Lair:3   | Reached skill level 1 in Maces & Flails
 20957 | Lair:3   | Killed a seven-headed hydra
 21002 | Lair:3   | Found a hole to the Spider Nest.
 21132 | Lair:3   | Noticed a four-headed hydra
 21138 | Lair:3   | Killed a four-headed hydra
 21386 | Lair:4   | Reached skill level 5 in Maces & Flails
 21458 | Lair:4   | Reached XP level 13. HP: 83/83 MP: 5/17
 23343 | D:8      | Learned a level 4 spell: Ice Form
 23399 | Lair:1   | Killed Fannar
 23953 | D:5      | Lost mutation: You are partially covered in slimy green scales. (AC +2) [potion of mutation]
 23953 | D:5      | Lost mutation: You are resistant to hostile enchantments. (MR+) [potion of mutation]
 23953 | D:5      | Lost mutation: Your skin blends seamlessly with your surroundings (Stealth++). [potion of mutation]
 23953 | D:5      | Gained mutation: Scrolls take you a little longer to read. [potion of mutation]
 23953 | D:5      | Gained mutation: You are partially covered in molten scales. (AC +2) [potion of mutation]
 23953 | D:5      | Gained mutation: Your body sometimes deteriorates upon taking damage. [potion of mutation]
 23953 | D:5      | Gained mutation: You are somewhat resistant to further mutation. [potion of mutation]
 24101 | Lair:2   | Bought 2 potions of mutation for 192 gold pieces
 24101 | Lair:2   | Lost mutation: Your body sometimes deteriorates upon taking damage. [potion of mutation]
 24101 | Lair:2   | Lost mutation: Scrolls take you a little longer to read. [potion of mutation]
 24101 | Lair:2   | Lost mutation: You are somewhat resistant to further mutation. [potion of mutation]
 24101 | Lair:2   | Gained mutation: You are weak. (Str -2) [potion of mutation]
 24101 | Lair:2   | Gained mutation: You are partially covered in slimy green scales. (AC +2) [potion of mutation]
 24102 | Lair:2   | Lost mutation: Your natural rate of healing is unusually fast. [potion of mutation]
 24102 | Lair:2   | Lost mutation: You are weak. (Str -2) [potion of mutation]
 24102 | Lair:2   | Gained mutation: You are agile. (Dex +2) [potion of mutation]
 24102 | Lair:2   | Gained mutation: You are resistant to electric shocks. (rElec) [potion of mutation]
 24102 | Lair:2   | Gained mutation: Potions are less effective at restoring your health. [potion of mutation]
 24102 | Lair:2   | Gained mutation: You are mostly covered in molten scales. (AC +3) [potion of mutation]
 24208 | Lair:5   | Reached skill level 1 in Shields
 24557 | Lair:5   | Reached skill level 10 in Maces & Flails
 24905 | Lair:5   | Found a staircase to the Slime Pits.
 25281 | Lair:5   | Reached skill level 5 in Shields
 25361 | Lair:5   | Bought a scroll of identify for 28 gold pieces
 26044 | Lair:5   | Noticed Kirke
 26135 | Lair:6   | Entered Level 6 of the Lair of Beasts
 26180 | Lair:5   | Reached XP level 14. HP: 90/90 MP: 18/18
 26984 | Lair:6   | Reached skill level 10 in Shields
 28741 | Lair:6   | Got a twisted broad axe
 28754 | Lair:6   | Identified the +5 broad axe "Vyrgh" {elec, Str+5} (You found it on level 6 of the Lair of Beasts)
 29056 | Lair:6   | Got an ichor-stained bardiche
 30026 | D:10     | Bought a runed morningstar for 217 gold pieces
 30286 | D:11     | Killed mortelune's ghost
 30379 | D:11     | Found a staircase to the Orcish Mines.
 30895 | Orc:1    | Entered Level 1 of the Orcish Mines
 31068 | D:11     | Bought an uncursed ring of protection from magic for 425 gold pieces
 31888 | D:11     | Bought the ring of Jiapoan Nuen {rC+ rN+ AC+1 Int-4} for 217 gold pieces
 31888 | D:11     | Bought a cursed ring of see invisible for 204 gold pieces
 31923 | Orc:2    | Entered Level 2 of the Orcish Mines
 31925 | Orc:2    | Noticed Snorg
 31958 | Orc:1    | Killed Snorg
 31958 | Orc:1    | Reached XP level 15. HP: 72/94 MP: 12/19
 32322 | D:11     | Bought an uncursed ring of protection from fire for 425 gold pieces
 32769 | Orc:2    | Found Fudd's General Store.
 32811 | Orc:2    | Found Ithri's Magic Scroll Emporium.
 32962 | Orc:2    | Found a roughly hewn altar of Beogh.
 33957 | Orc:2    | Noticed Erolcha
 33971 | Orc:2    | Killed Erolcha
 33980 | Orc:2    | Noticed an orc warlord
 34027 | Orc:2    | Killed an orc warlord
 34619 | Orc:2    | Found Sujama's Food Emporium.
 34660 | Orc:2    | Found Juxirr's Magic Scroll Shoppe.
 34662 | Orc:2    | Reached skill level 15 in Shields
 34689 | Orc:2    | Found a roughly hewn altar of Beogh.
 35092 | Orc:2    | Found a staircase to the Elven Halls.
 35313 | Orc:2    | Bought 3 scrolls of identify for 102 gold pieces
 35316 | Orc:2    | Bought a scroll of identify for 34 gold pieces
 35317 | Orc:2    | Bought a scroll of identify for 34 gold pieces
 35710 | D:12     | Got a slimy fustibalus
 35711 | D:12     | Identified the cursed +1 fustibalus of Glory {freeze, -Tele MR+ SInv} (You found it on level 12 of the Dungeon)
 36402 | Orc:2    | Bought a scroll of enchant weapon for 105 gold pieces
 36402 | Orc:2    | Bought a scroll of identify for 28 gold pieces
 36402 | Orc:2    | Bought a scroll of blinking for 105 gold pieces
 36402 | Orc:2    | Bought a scroll of enchant weapon for 105 gold pieces
 36402 | Orc:2    | Bought a scroll of identify for 28 gold pieces
 36816 | D:13     | Found a gate to the Vaults.
 36874 | D:13     | Reached XP level 16. HP: 101/101 MP: 14/20
 37964 | D:14     | Noticed Rupert
 38111 | D:14     | Lost mutation: You are agile. (Dex +2) [potion of mutation]
 38111 | D:14     | Lost mutation: You are mostly covered in molten scales. (AC +3) [potion of mutation]
 38111 | D:14     | Lost mutation: Potions are less effective at restoring your health. [potion of mutation]
 38111 | D:14     | Gained mutation: You are clumsy. (Dex -2) [potion of mutation]
 38111 | D:14     | Gained mutation: One of your tentacles bears a spike. [potion of mutation]
 38715 | D:14     | Killed Rupert
 38777 | D:15     | Entered Level 15 of the Dungeon
 38807 | D:15     | Identified a scroll of acquirement
 38810 | D:15     | Got an ancient large shield
 38821 | D:15     | Identified the +1 large shield of the Dolphin {rF+ Regen+ Str-4 Slay+2} (You acquired it on level 15 of the Dungeon)
 38867 | D:15     | Found a staircase to the Depths.
 38980 | D:15     | Got a fine brass ring
 38983 | D:15     | Identified the ring of Ycirpha {rPois MR+ MP+9 Dex+2} (You found it on level 15 of the Dungeon)
 39078 | D:15     | Paralysed by a floating eye for 3 turns
 39195 | D:15     | Lost mutation: You are resistant to electric shocks. (rElec) [miscasting Statue Form]
 39569 | D:15     | Reached skill level 15 in Maces & Flails
 39583 | D:15     | Got a brightly glowing platinum ring
 39590 | D:15     | Identified the ring "Neocas" {rPois rF+ rC+ Str+2 SInv} (You found it on level 15 of the Dungeon)
 39623 | D:15     | Paralysed by a floating eye for 4 turns
 39692 | D:15     | Paralysed by a floating eye for 2 turns
 39731 | D:15     | Got a wavering iron ring
 39790 | D:15     | Found a bloodstained altar of Trog.
 40086 | D:15     | Identified the ring of False Pretenses {Ice rPois MR- Str+6 Dex-3 Stlth+} (You took it off a kobold demonologist on level 15 of the Dungeon)
 40104 | D:15     | Found a blossoming altar of Fedhas.
 40135 | D:15     | Noticed a tengu reaver
 40150 | D:15     | Killed a tengu reaver
 40286 | D:15     | Reached XP level 17. HP: 111/111 MP: 21/21
 40396 | D:15     | Found a bloodstained altar of Trog.
 40531 | D:15     | Noticed Azrael
 40546 | D:15     | Killed Azrael
 40550 | D:15     | Reached skill level 12 in Earth Magic
 40773 | Depths:1 | Entered Level 1 of the Depths
 41148 | D:14     | Learned a level 7 spell: Dragon Form
 41364 | Depths:1 | Noticed Asterion
 41368 | Depths:1 | Noticed an Executioner
 41573 | Depths:1 | Noticed an Executioner
 41794 | D:14     | Killed Asterion
 43143 | Depths:1 | Reached skill level 10 in Dodging
 43316 | Depths:1 | Found a gateway to Hell.
 43445 | Depths:1 | Found a gateway to a ziggurat.
 43915 | Depths:1 | Found a shattered altar of Ashenzari.
 44311 | Shoals:1 | Entered Level 1 of the Shoals
 44402 | Shoals:1 | Reached XP level 18. HP: 120/120 MP: 22/22
 44531 | Shoals:1 | Reached skill level 10 in Fighting
 44811 | Shoals:1 | Got a slimy morningstar
 44812 | Shoals:1 | Identified the +5 morningstar "X" {protect, Str+5 Dex-3} (You found it on level 1 of the Shoals)
 44921 | Shoals:1 | Noticed MirrMurr's ghost (journeyman TrHu)
 44973 | Shoals:1 | Killed MirrMurr's ghost
 45486 | Shoals:1 | Reached skill level 15 in Transmutations
 46070 | Shoals:2 | Found a frozen archway.
 46076 | IceCv    | Entered an ice cave
 46111 | IceCv    | Learned a level 2 spell: Shroud of Golubria
 46115 | IceCv    | Learned a level 3 spell: Spectral Weapon
 46342 | IceCv    | Reached skill level 1 in Hexes
 46342 | IceCv    | Reached skill level 1 in Charms
 48338 | Shoals:2 | Lost mutation: You are clumsy. (Dex -2) [potion of mutation]
 48338 | Shoals:2 | Gained mutation: You occasionally shout uncontrollably at your foes. [potion of mutation]
 48338 | Shoals:2 | Lost mutation: You are partially covered in slimy green scales. (AC +2) [potion of mutation]
 48338 | Shoals:2 | Gained mutation: Your mind is acute. (Int +2) [potion of mutation]
 48339 | Shoals:2 | Lost mutation: One of your tentacles bears a spike. [potion of mutation]
 48339 | Shoals:2 | Lost mutation: You occasionally shout uncontrollably at your foes. [potion of mutation]
 48339 | Shoals:2 | Lost mutation: Your mind is acute. (Int +2) [potion of mutation]
 48339 | Shoals:2 | Gained mutation: You are partially covered in iridescent scales. (AC +2) [potion of mutation]
 48339 | Shoals:2 | Gained mutation: One of your tentacles bears a spike. [potion of mutation]
 49595 | Shoals:3 | Learned a level 3 spell: Regeneration
 49836 | Shoals:4 | Entered Level 4 of the Shoals
 49843 | Shoals:4 | Noticed Ilsuiw
 49894 | Shoals:4 | Reached skill level 1 in Necromancy
 49910 | Shoals:3 | Killed Ilsuiw
 50182 | Shoals:4 | Reached XP level 19. HP: 129/129 MP: 25/25
 50279 | Shoals:4 | Noticed Polyphemus
 50308 | Shoals:4 | Killed Polyphemus
 50587 | Shoals:4 | Reached skill level 5 in Charms
 50609 | Shoals:4 | Got a barnacled rune of Zot
 50699 | Shoals:4 | Got a crude hand crossbow
 50700 | Shoals:4 | Identified the +8 hand crossbow "Yfufur" {venom, +Inv Str-5 Dex+5} (You found it on level 4 of the Shoals)
 50737 | Shoals:4 | Noticed Jorgrun
 50788 | Shoals:4 | Killed Jorgrun
 50937 | Shoals:4 | Noticed Roxanne
 51491 | Shoals:4 | Killed Roxanne
 51608 | Lair:2   | Bought an uncursed ring of resist corrosion for 320 gold pieces
 51813 | Spider:1 | Entered Level 1 of the Spider Nest
 52301 | Spider:1 | Got a crystal dire flail
 52307 | Spider:1 | Identified the +9 dire flail of Suoloef {antimagic, -Tele rF+ Int+3 SInv} (You found it on level 1 of the Spider Nest)
 52806 | Spider:2 | Upgraded the game from 0.21-a0-450-gd87a9b2 to 0.21-a0-460-g737a915
 53603 | Lair:5   | Bought a scroll of recharging for 133 gold pieces
 53791 | Lair:5   | Bought a scroll of identify for 28 gold pieces
 53791 | Lair:5   | Bought a scroll of recharging for 133 gold pieces
 54898 | Spider:3 | Reached skill level 1 in Crossbows
 55062 | Spider:3 | Noticed asdu's ghost (adept MfTm)
 55063 | Spider:3 | Noticed zero's ghost (adept GrBe)
 55123 | Spider:3 | Killed zero's ghost
 55162 | Spider:3 | Killed asdu's ghost
 55639 | Spider:3 | Reached XP level 20. HP: 138/138 MP: 26/26
 55646 | Spider:3 | Learned a level 2 spell: Swiftness
 56040 | Spider:3 | Reached skill level 5 in Spellcasting
 56648 | Spider:4 | Entered Level 4 of the Spider Nest
 56689 | Spider:4 | Reached skill level 5 in Crossbows
 57137 | Spider:4 | Learned a level 3 spell: Ozocubu's Armour
 58591 | Spider:4 | Got a gossamer rune of Zot
 58872 | D:6      | Bought a book of Debilitation for 560 gold pieces
 59046 | Depths:1 | Bought the ring of the Rose {rPois rN+ Slay+2} for 752 gold pieces
 59053 | Depths:1 | Learned a level 2 spell: Song of Slaying
 59998 | Depths:2 | Reached XP level 21. HP: 144/144 MP: 33/33
 60026 | Depths:2 | Reached skill level 10 in Crossbows
 60031 | Depths:2 | Learned a level 3 spell: Portal Projectile
 61005 | Depths:3 | Found a one-way gate leading to the halls of Pandemonium.
 61963 | Depths:4 | Found a one-way gate to the infinite horrors of the Abyss.
 62117 | Depths:4 | Noticed a golden dragon
 62126 | Depths:4 | Killed a golden dragon
 62860 | Depths:4 | Found Zomot's Gadget Emporium.
 62860 | Depths:4 | Found Pemealec's Jewellery Boutique.
 62861 | Depths:4 | Found Cutt's Gadget Emporium.
 62872 | Depths:4 | Bought the amulet "Plog" {Spirit Str+6 Slay+5 SInv Stlth+} for 1552 gold pieces
 63057 | Depths:4 | Upgraded the game from 0.21-a0-460-g737a915 to 0.21-a0-471-gd587bd5
 63057 | Depths:4 | Upgraded the game from 0.21-a0-471-gd587bd5 to 0.21-a0-476-gd103f4b
 63122 | Depths:5 | Entered Level 5 of the Depths
 63571 | Depths:5 | Reached XP level 22. HP: 154/154 MP: 23/34
 63832 | Depths:5 | Reached skill level 15 in Dodging
 64193 | Depths:5 | Reached skill level 1 in Evocations
 64202 | Depths:5 | Noticed a golden dragon
 64217 | Depths:5 | Killed a golden dragon
 64374 | Depths:5 | Reached skill level 15 in Fighting
 64471 | Depths:5 | Noticed a golden dragon
 64481 | Depths:5 | Reached skill level 5 in Evocations
 64492 | Depths:5 | Killed a golden dragon
 64607 | Depths:5 | Found a gate to the Realm of Zot.
 64862 | Vaults:1 | Entered Level 1 of the Vaults
 65451 | Vaults:1 | Found Doqejok's Food Shoppe.
 66132 | Vaults:1 | Reached skill level 10 in Evocations
 66558 | Vaults:2 | Reached XP level 23. HP: 153/162 MP: 35/35
 67007 | Vaults:2 | Noticed Xtahua
 67017 | Vaults:2 | Killed Xtahua
 67114 | Vaults:2 | Reached skill level 10 in Charms
 67668 | Vaults:2 | Upgraded the game from 0.21-a0-476-gd103f4b to 0.21-a0-498-g1b60429
 69227 | Vaults:3 | Reached skill level 5 in Stealth
 69503 | Vaults:3 | Found a staircase to the Crypt.
 69612 | Vaults:3 | Found Recacara's Armour Shoppe.
 70015 | Vaults:4 | Found Quqapp's Assorted Antiques.
 70016 | Vaults:4 | Found the +2 shield of Resistance {rF+ rC+ MR+}
 70176 | Vaults:4 | Bought a scroll of enchant weapon for 217 gold pieces
 70910 | Vaults:4 | Reached XP level 24. HP: 173/173 MP: 35/35
 71683 | Elf:1    | Entered Level 1 of the Elven Halls
 71938 | Elf:1    | Noticed Louise
 71958 | Elf:1    | Killed Louise
 72411 | Elf:1    | Found Huthrieg's Assorted Antiques.
 72417 | Elf:1    | Bought a potion of magic for 168 gold pieces
 72446 | Elf:1    | Found Cafut's Assorted Antiques.
 72451 | Elf:1    | Bought a potion of haste for 330 gold pieces
 72495 | Elf:1    | Found Mikekiek's Book Shop.
 72759 | Elf:1    | Found Rovate's Jewellery Boutique.
 72767 | Elf:1    | Bought a +2 ring of slaying for 378 gold pieces
 73098 | Elf:2    | Found Ani Hual's Magic Scroll Emporium.
 73110 | Elf:2    | Bought a scroll of acquirement for 728 gold pieces
 73481 | Elf:2    | Found a huge runed gate.
 73481 | Elf:2    | Found a huge runed gate.
 73481 | Elf:2    | Found a huge runed gate.
 73775 | Elf:2    | Noticed Nikola
 73782 | Elf:2    | Killed Nikola
 74274 | Elf:3    | Entered Level 3 of the Elven Halls
 74564 | Elf:3    | Reached skill level 10 in Stealth
 75615 | Elf:3    | Got a wavering golden ring
 75619 | Elf:3    | Identified the ring of Iloett {rC+ Dex+3} (You took it off a deep elf blademaster on level 3 of the Elven Halls)
 75873 | Elf:3    | Got a brightly glowing falchion {flame}
 75874 | Elf:3    | Identified the +11 falchion "Xalucvod" {flame, rPois MP+9} (You took it off a deep elf annihilator on level 3 of the Elven Halls)
 75883 | Elf:3    | Got a flickering amber ring
 75891 | Elf:3    | Identified the ring "Caukaer" {rCorr rPois Int-2 Dex+3} (You took it off a deep elf demonologist on level 3 of the Elven Halls)
 76094 | Elf:3    | Got an ichor-stained hand crossbow
 76095 | Elf:3    | Identified the +11 hand crossbow of the Wolf {speed, rPois Int+9} (You found it on level 3 of the Elven Halls)
 76124 | Elf:3    | Got a warped morningstar
 76125 | Elf:3    | Identified the +6 morningstar of Revolt {venom, rN++ Int+4 Dex+4} (You found it on level 3 of the Elven Halls)
 76567 | Crypt:1  | Entered Level 1 of the Crypt
 76789 | Crypt:1  | Reached XP level 25. HP: 183/183 MP: 35/35
 76825 | Crypt:1  | Noticed Jory
 76890 | Crypt:1  | Killed Jory
 76905 | Crypt:1  | Noticed Mennas
 76914 | Crypt:1  | Killed Mennas
 76914 | Crypt:1  | Reached skill level 13 in Earth Magic
 76919 | Crypt:1  | Noticed Saint Roka
 76923 | Crypt:1  | Killed Saint Roka
 76943 | Crypt:1  | Noticed Boris
 76947 | Crypt:1  | Killed Boris
 77378 | Crypt:1  | Reached skill level 14 in Earth Magic
 77423 | Crypt:1  | Found a runed door.
 77546 | Crypt:1  | Noticed an ancient lich
 77547 | Crypt:1  | Noticed an ancient lich
 77557 | Crypt:1  | Killed an ancient lich
 77562 | Crypt:1  | Killed an ancient lich
 77562 | Crypt:1  | Reached skill level 15 in Earth Magic
 78507 | Crypt:2  | Reached skill level 16 in Earth Magic
 78896 | Crypt:3  | Entered Level 3 of the Crypt
 78896 | Crypt:3  | Found a staircase to the Tomb.
 79250 | Crypt:3  | Reached skill level 17 in Earth Magic
 79483 | Crypt:3  | Reached XP level 26. HP: 189/189 MP: 35/35
 79996 | Crypt:3  | Reached skill level 18 in Earth Magic
 80050 | Crypt:3  | Found an ancient bone altar of Kikubaaqudgha.
 80211 | Crypt:3  | Got a scorched tin ring
 80296 | Crypt:3  | Got a glittering graven amulet
 80297 | Crypt:3  | Identified the amulet of Ascent {Regen+ Str+7 Stlth-} (You took it off a vampire mage on level 3 of the Crypt)
 80299 | Crypt:3  | Identified the ring "Lutuquan" {rPois rN+} (You took it off a vampire knight on level 3 of the Crypt)
 80748 | Crypt:3  | Identified Sif Muna's Disquisition on Necromancy
 80966 | Crypt:3  | Identified the Compendium of Creative Execration
 80976 | Crypt:3  | Learned a level 4 spell: Passage of Golubria
 81799 | D:11     | Bought the ring "Gogon" {rPois rF+ Dex+4} for 768 gold pieces
 82080 | Vaults:5 | Entered Level 5 of the Vaults
 82082 | Vaults:5 | Noticed Bai Suzhen
 82097 | Vaults:4 | Reached skill level 19 in Earth Magic
 82158 | Vaults:4 | Reached skill level 5 in Translocations
 82171 | Vaults:4 | Killed Bai Suzhen
 82786 | Vaults:5 | Noticed an ancient lich
 82790 | Vaults:5 | Killed an ancient lich
 82790 | Vaults:5 | Reached skill level 20 in Earth Magic
 83026 | Vaults:5 | Reached XP level 27. HP: 195/195 MP: 35/35
 83190 | Vaults:5 | Reached skill level 21 in Earth Magic
 83473 | Vaults:5 | Identified the Disquisition on Supportive Lightness
 83512 | Vaults:5 | Got a clouded ivory ring
 83513 | Vaults:5 | Identified the ring of Oenomania {-Tele MR+ Dex+3 Slay+2} (You found it on level 5 of the Vaults)
 84253 | Vaults:5 | Got a silver rune of Zot
 84285 | Vaults:5 | Reached skill level 22 in Earth Magic
 84535 | Vaults:5 | Got a shimmering flail {protect}
 84536 | Vaults:5 | Identified the +5 flail "Geageria" {protect, rElec rPois Str+5 Int+4} (You took it off a deep elf sorcerer on level 5 of the Vaults)
 84873 | Elf:1    | Bought the ring "Latzykk" {rC+ rN+} for 612 gold pieces
 85555 | Slime:1  | Entered Level 1 of the Pits of Slime
 85599 | Slime:1  | Gained mutation: One of your tentacles bears a nasty spike. [a shining eye]
 85869 | Slime:3  | Gained mutation: You are mostly covered in iridescent scales. (AC +4) [a shining eye]
 85994 | Slime:5  | Entered Level 5 of the Pits of Slime
 86040 | Slime:5  | Found a viscous altar of Jiyva.
 86040 | Slime:5  | Noticed the Royal Jelly
 86042 | Slime:5  | Found the +3 robe of Folly {Archmagi, MR-- Int+5}
 86058 | Slime:5  | Killed the Royal Jelly
 86060 | Slime:5  | Reached skill level 23 in Earth Magic
 86169 | Slime:5  | Got a pitted broad axe
 86170 | Slime:5  | Identified the +3 broad axe of Necko {chop, +Inv rF+ MP+9 Dex-4} (You found it on level 5 of the Pits of Slime)
 86193 | Slime:5  | Got a slimy rune of Zot
 86204 | Slime:5  | Learned a level 1 spell: Apportation
 86255 | Slime:5  | Got a smoking bone ring
 86256 | Slime:5  | Identified the ring of Tonasucs {+Fly Int+4} (You found it on level 5 of the Pits of Slime)
 86268 | Slime:5  | Learned a level 9 spell: Shatter
 86277 | Slime:5  | Got a twitching marble ring
 86278 | Slime:5  | Identified the ring "Gistroq" {rF- MR- Dex+10 Slay+4 Stlth-} (You found it on level 5 of the Pits of Slime)
 88775 | Slime:1  | Gained mutation: Your magical capacity is low. (-10% MP) [a shining eye]
 89529 | Depths:4 | Learned a level 2 spell: Passwall
 89533 | Depths:4 | Voluntarily entered the Abyss.
 90266 | Abyss:2  | Found a bloodstained altar of Trog.
 90301 | Abyss:2  | Found a corrupted altar of Lugonu.
 90419 | Abyss:2  | Reached skill level 24 in Earth Magic
 90776 | Abyss:3  | Found a corrupted altar of Lugonu.
 90926 | Abyss:4  | Found a corrupted altar of Lugonu.
 90998 | Abyss:4  | Found a transporter.
 91092 | Abyss:4  | Paralysed by accursed screaming for 2 turns
 91102 | Abyss:4  | Paralysed by accursed screaming for 2 turns
 91195 | Abyss:4  | Found a transporter.
 91198 | Abyss:4  | Got a faintly glowing silver ring
 91234 | Abyss:4  | Found a transporter.
 91335 | Abyss:4  | Paralysed by accursed screaming for 1 turns
 91386 | Abyss:5  | Entered Level 5 of the Abyss
 91441 | Abyss:5  | Reached skill level 25 in Earth Magic
 91524 | Abyss:5  | Got an abyssal rune of Zot
 91532 | Abyss:5  | Paralysed by accursed screaming for 1 turns
 91538 | Abyss:5  | Paralysed by accursed screaming for 2 turns
 91564 | Abyss:5  | Found a basalt altar of Yredelemnul.
 91578 | Depths:4 | Escaped the Abyss
 91681 | Depths:4 | Identified the ring "Donodaym" {rC+ SInv Stlth+} (You found it on level 4 of the Abyss)
 91712 | Depths:4 | Bought a potion of heal wounds for 65 gold pieces
 91712 | Depths:4 | Bought a potion of resistance for 130 gold pieces
 91712 | Depths:4 | Bought a potion of haste for 130 gold pieces
 91712 | Depths:4 | Bought a potion of agility for 52 gold pieces
 91714 | Depths:4 | Bought a steaming mace for 256 gold pieces
 91715 | Depths:4 | Identified the +1 mace "Raohol" {holy, rPois} (You bought it in a shop on level 4 of the Depths)
 91765 | Zot:1    | Entered Level 1 of the Realm of Zot
 92371 | Zot:1    | Got an iridescent broad axe
 92372 | Zot:1    | Identified the +6 broad axe of Stickiness {freeze, *Rage rPois rF+ rN+} (You found it on level 1 of the Realm of Zot)
 92464 | Zot:1    | Reached skill level 26 in Earth Magic
 92944 | Zot:2    | Noticed melvinkitnick's ghost (master MiGl)
 92969 | Zot:2    | Killed melvinkitnick's ghost
 93091 | Zot:2    | Got an iridescent war axe
 93092 | Zot:2    | Identified the +12 war axe of Wiloz {chop, Fragile rN+ MP+9 Str+4} (You found it on level 2 of the Realm of Zot)
 93761 | Zot:2    | Got an ancient graven amulet
 93762 | Zot:2    | Identified the amulet "Jantuv" {Reflect *Corrode Dex+4 SH+4 Stlth+} (You found it on level 2 of the Realm of Zot)
 94000 | Zot:3    | Reached skill level 27 in Earth Magic
 94465 | Zot:3    | Noticed an ancient lich
 94561 | Zot:3    | Killed an ancient lich
 94600 | Zot:3    | Found a stormy altar of Qazlal.
 94608 | Zot:3    | Got a pitted war axe
 94609 | Zot:3    | Identified the +8 war axe "Giantslayer" {holy, Str-5 Int+10 Dex+4 Stlth-} (You found it on level 3 of the Realm of Zot)
 94629 | Zot:4    | Noticed an ancient lich
 94738 | Zot:4    | Killed an ancient lich
 95345 | Zot:4    | Got a slimy golden amulet
 95346 | Zot:4    | Identified the amulet "Qodghis" {Gourm rPois Int+3} (You found it on level 4 of the Realm of Zot)
 95409 | Zot:4    | Noticed an orb of fire
 95511 | Zot:4    | Killed an orb of fire
 95574 | Zot:4    | Got a smoking battleaxe
 95575 | Zot:4    | Identified the +8 battleaxe "Cuzucs" {drain, MP+9} (You found it on level 4 of the Realm of Zot)
 95942 | Zot:5    | Entered Level 5 of the Realm of Zot
 96137 | Zot:5    | Found a huge runed gate.
 96137 | Zot:5    | Found a huge runed gate.
 96137 | Zot:5    | Found a huge runed gate.
 96138 | Zot:5    | Found a huge runed gate.
 96143 | Zot:5    | Found a huge runed gate.
 96284 | Zot:5    | Noticed an ancient lich
 96392 | Zot:5    | Found a huge runed gate.
 96394 | Zot:5    | Found a huge runed gate.
 96396 | Zot:5    | Found a huge runed gate.
 96438 | Zot:5    | Noticed an ancient lich
 96482 | Zot:5    | Found a huge runed gate.
 96483 | Zot:5    | Found a huge runed gate.
 96483 | Zot:5    | Found a huge runed gate.
 96501 | Zot:5    | Found a huge runed gate.
 96509 | Zot:5    | Noticed an ancient lich
 96516 | Zot:5    | Noticed an ancient lich
 96517 | Zot:5    | Killed an ancient lich
 96526 | Zot:5    | Found a huge runed gate.
 96526 | Zot:5    | Found a huge runed gate.
 96527 | Zot:5    | Found a huge runed gate.
 96529 | Zot:5    | Found a huge runed gate.
 96529 | Zot:5    | Found a huge runed gate.
 96530 | Zot:5    | Found a huge runed gate.
 96530 | Zot:5    | Found a huge runed gate.
 96597 | Zot:5    | Found a huge runed gate.
 96597 | Zot:5    | Found a huge runed gate.
 96597 | Zot:5    | Found a huge runed gate.
 96624 | Zot:5    | Found a huge runed gate.
 96625 | Zot:5    | Found a huge runed gate.
 96721 | Zot:5    | Noticed an ancient lich
 96721 | Zot:5    | Noticed an orb of fire
 96722 | Zot:5    | Noticed an orb of fire
 96725 | Zot:5    | Gained mutation: You expend magic power (3 MP) to strengthen your wands. [an orb of fire]
 96745 | Zot:4    | Killed an orb of fire
 96928 | Zot:5    | Killed an ancient lich
 96929 | Zot:5    | Gained mutation: Your body sometimes deteriorates upon taking damage. [an orb of fire]
 96934 | Zot:4    | Gained mutation: Your body often deteriorates upon taking damage. [an orb of fire]
 96938 | Zot:4    | Killed an orb of fire
 97411 | Zot:5    | Noticed an orb of fire
 97577 | Zot:5    | Killed an orb of fire
 97601 | Zot:5    | Noticed an orb of fire
 97735 | Zot:5    | Noticed an orb of fire
 97861 | Zot:5    | Noticed an orb of fire
 98097 | Zot:5    | Noticed an orb of fire
 98099 | Zot:5    | Gained mutation: You are weak. (Str -2) [an orb of fire]
 98105 | Zot:5    | Killed an orb of fire
 98557 | Zot:5    | Noticed an orb of fire
 98563 | Zot:5    | Gained mutation: Scrolls take you a little longer to read. [an orb of fire]
 98567 | Zot:5    | Gained mutation: You occasionally shout uncontrollably at your foes. [an orb of fire]
 98572 | Zot:5    | Killed an orb of fire
 98580 | Zot:5    | Gained mutation: Your spells are a little easier to cast, but a little less powerful. [an orb of fire]
 98581 | Zot:5    | Gained mutation: You tend to lose your temper in combat. [an orb of fire]
 98581 | Zot:5    | Gained mutation: Your magical capacity is very low. (-20% MP) [an orb of fire]
 98582 | Zot:5    | Killed an orb of fire
 98590 | Zot:5    | Lost mutation: Your magical capacity is very low. (-20% MP) [potion of mutation]
 98590 | Zot:5    | Lost mutation: Your magical capacity is low. (-10% MP) [potion of mutation]
 98590 | Zot:5    | Lost mutation: You occasionally shout uncontrollably at your foes. [potion of mutation]
 98590 | Zot:5    | Lost mutation: You expend magic power (3 MP) to strengthen your wands. [potion of mutation]
 98590 | Zot:5    | Gained mutation: You evolve. [potion of mutation]
 98591 | Zot:5    | Lost mutation: You are weak. (Str -2) [potion of mutation]
 98591 | Zot:5    | Lost mutation: You tend to lose your temper in combat. [potion of mutation]
 98591 | Zot:5    | Lost mutation: Your spells are a little easier to cast, but a little less powerful. [potion of mutation]
 98591 | Zot:5    | Lost mutation: Your body often deteriorates upon taking damage. [potion of mutation]
 98591 | Zot:5    | Gained mutation: Your muscles are strong. (Str +2) [potion of mutation]
 98591 | Zot:5    | Gained mutation: You are resistant to hostile enchantments. (MR+) [potion of mutation]
 98591 | Zot:5    | Gained mutation: You have a beak for a mouth. [potion of mutation]
 98592 | Zot:5    | Lost mutation: Scrolls take you a little longer to read. [potion of mutation]
 98592 | Zot:5    | Lost mutation: You evolve. [potion of mutation]
 98592 | Zot:5    | Lost mutation: You have a beak for a mouth. [potion of mutation]
 98592 | Zot:5    | Lost mutation: Your body sometimes deteriorates upon taking damage. [potion of mutation]
 98592 | Zot:5    | Gained mutation: You are clumsy. (Dex -2) [potion of mutation]
 98592 | Zot:5    | Lost mutation: One of your tentacles bears a nasty spike. [potion of mutation]
 98592 | Zot:5    | Gained mutation: You have a pair of small antennae on your head. [potion of mutation]
 98666 | Zot:5    | Got the Orb of Zot
 98942 | Depths:5 | Noticed Gamat the pandemonium lord
 99393 | D:$      | Escaped with the Orb!

Vault maps used:
D:1:      lemuel_arrival_funnel, serial_forest, infiniplex_forest_straight_2,
          infiniplex_forest_zigzag_1, infiniplex_forest_corner_1,
          infiniplex_forest_clump_tiny, infiniplex_forest_clump_small,
          infiniplex_forest_end_2, infiniplex_forest_clump_long
D:2:      lemuel_round_altar, nicolae_overflow_crystal_walls, minivault_4
D:3:      lightli_temple_of_fire, old_standard_altar, minmay_snake_closets,
          uniq_sigmund, uniq_terence
D:4:      nicolae_tso_carved_into_rock
D:5:      overflow_temple_1_default, minmay_temple_entry_statues_fountains,
          first_bread, uniq_grinder
D:6:      basic_altar, serial_shops, shop
D:7:      minitemple, small_statue_alley_b, uniq_pikel
D:8:      zin_purify, vehumet_altar_wand_db, nicolae_dithmenos_shadow_blocks,
          lair_entry_dummy, serial_shops, kennysheep_mini_moat
D:9:      hangedman_cross_cluster, uniq_grum
D:10:     uniq_nergalle
D:11:     hiddenorc2_lemuel
D:12:     minmay_the_grid_square_5x5_3x3
D:13:     lightli_vaults_fourway_checkpoint, serial_undead, serial_undead_e,
          serial_undead_e, serial_undead_e, serial_undead_f, serial_undead_c,
          serial_undead_b, serial_undead_b, hangedman_little_slice_of_home,
          worms_lemuel
D:14:     serial_glass, glass_columns_a, glass_columns_c, minivault_16,
          uniq_rupert
D:15:     hangedman_spin_cycle
Temple:   minmay_temple_bridge_abc
Lair:1:   serial_bayou_pond_d, grunt_megastairs_4, uniq_fannar
Lair:2:   elwin_shoals_entry_rooms, enter_volcano_2, lemuel_fruit_tree,
          infiniplex_staircase_pool
Lair:3:   nicolae_spider_entry_non_spiders, grunt_megastairs_5,
          serial_bayou_shore_a
Lair:4:   cheibrodos_lair_river_kwai, grunt_megastairs_3,
          minmay_lair_oklob_chamber, lemuel_fruit_fields
Lair:5:   minmay_slime_entry_jelly_boxes, uniq_kirke
Lair:6:   gammafunk_lair_ancient_temple, serial_bayou_shore_b
Shoals:1: hangedman_shoals_cup_caves
Shoals:2: portal_ice_cave_entry_dragon
Shoals:4: shoals_end_grunt_ice, shoals_ilsuiw_ice, uniq_roxanne, uniq_jorgrun,
          uniq_polyphemus
Spider:1: hive_lemuel
Spider:3: nicolae_crawler_farm, nicolae_spider_cling_ruins
Spider:4: spider_rune_water
Slime:1:  cheibrodos_slime_lost_civilization_6
Orc:1:    lightli_orcish_oven
Orc:2:    pubby_orc_utopia, serial_shops, uniq_erolcha, uniq_snorg
Elf:1:    serial_shops, shop, shop, nicolae_shop_trees, shop, orc_legates,
          uniq_louise
Elf:2:    serial_shops, nicolae_shop_trees, lemuel_flamethrower_hall,
          uniq_nikola
Elf:3:    minmay_elf_hall_not_hex
Vaults:1: hangedman_vaults_stitches, st_hourglassy,
          nicolae_vaults_three_branches, vaults_room_grid,
          hangedman_vaults_river_flow, grunt_vaults_hallway_short,
          nicolae_vaults_inception_statues, vaults_room_fours,
          nicolae_vaults_little_squares_6, vaults_dpeg_diagonal,
          vaults_mumra_chevron, vaults_room_pools, nicolae_vaults_rhombus_6,
          serial_shops, shop
Vaults:2: vaults_dpeg_hooks, v_misc_11, ontoclasm_vaults_ring_square,
          vaults_mumra_hex, nicolae_vaults_twisting_passages,
          hangedman_vaults_restitches, v_rooms_3, vaults_room_hallway,
          vaults_mumra_minichess, uniq_xtahua
Vaults:3: grunt_vaults_hallway_long, vaults_standard_mumra_enter_the_diamond,
          v_misc_33, ontoclasm_vaults_loading_screen,
          nicolae_vaults_little_squares_6, minmay_crypt_entry_skeletal_spiral,
          v_pattern_3, vaults_dpeg_encased_lava,
          vaults_standard_mumra_enter_the_diamond, dpeg_vaults_monster_box
Vaults:4: vaults_room_semicircle, hangedman_vaults_maws,
          ontoclasm_vaults_ring_large, grunt_vaults_swirl,
          vaults_room_fancy_cross, v_pattern_4, v_misc_29,
          vaults_room_fancy_cross, nicolae_vaults_ninety_degrees,
          nicolae_vaults_little_squares_6, vaults_room_fancy_cross,
          nicolae_vaults_little_squares_3, ontoclasm_vaults_gateway,
          serial_shops, shop
Vaults:5: uniq_bai_suzhen
Crypt:1:  evilmike_wizard_prison, grunt_ministairs_11, corner_web_ring,
          uniq_saint_roka, uniq_boris, uniq_jory, uniq_mennas
Crypt:2:  nicolae_crypt_statuary_hall
Crypt:3:  church_of_pain_bobbens
Depths:1: enter_ziggurat_f, grunt_mini_vestibule, nicolae_ashenzari_panopticon,
          uniq_asterion
Depths:2: kennysheep_blocky_hall, hell_entry,
          minmay_staircase_statues_hall_small
Depths:3: grunt_twist_and_shout, pf_coc_iceberg, grunt_pan_entry_spiral,
          grunt_decor_cap
Depths:4: kennysheep_water_balloons, hell_entry, minmay_misc_feat_diagonals,
          abyss_entry, dk_noncrumbling_2, firewood_loft,
          infiniplex_staircase_door_maze, minmay_shop_grove
Depths:5: grunt_zot_entry_gee_three, hell_entry, minmay_misc_feat_encased,
          abyss_entry_small_statue_room
Zot:2:    hangedman_swamp_dais
Zot:3:    regret_index_qazlal_generations, grunt_ministairs_7,
          basic_stair_grate_trap
Zot:4:    hangedman_zot_vaults_quadrants
Zot:5:    door_vault
Abyss:2:  evilmike_abyss_exit_kraken, guppyfry_abyss_exit_imp_island
Abyss:3:  evilmike_abyss_rune_siren_acolytes, evilmike_abyss_exit_12
Abyss:4:  guppyfry_abyss_exit_glass_guarded, gammafunk_corrupted_shrine
Abyss:5:  guppyfry_abyss_exit_spiral_guarded, doesnt_abyss_rune_brain_food,
          evilmike_abyss_exit_3
IceCv:    ice_cave_caverns_03

Skill      XL: |  1  2  3  4  5  6  7  8  9 10 11 12 13 14 15 16 17 18 19 20 21 22 23 24 25 26 27 |
---------------+----------------------------------------------------------------------------------+-----
Stealth        | 1 2 3 7 11 | 11.4
Transmutations | 3 4 5 7 10 12 14 15 16 | 16.0
Poison Magic   | 1 2 3 |  3.3
Fighting       | 2 3 4 6 8 9 11 12 14 15 16 18 21 | 21.5
Dodging        | 3 4 5 6 7 9 10 11 12 14 15 16 18 21 | 21.5
Unarmed Combat | 4 5 7 |  7.0
Translocations | 3 4 6 |  6.0
Spellcasting   | 3 4 8 9 |  9.2
Earth Magic    | 7 9 11 12 17 20 27 | 27.0
Maces & Flails | 6 10 13 14 15 16 | 16.0
Shields        | 7 13 15 | 15.0
Hexes          | 3 |  3.0
Charms         | 4 5 7 9 10 | 10.4
Necromancy     | 2 4 |  4.0
Crossbows      | 3 9 10 | 10.0
Evocations     | 10 11 | 11.0

Action                   |  1- 3 |  4- 6 |  7- 9 | 10-12 | 13-15 | 16-18 | 19-21 | 22-24 | 25-27 || total
-------------------------+-------+-------+-------+-------+-------+-------+-------+-------+-------++-------
Melee: Unarmed           |    71 |   134 |   297 |   746 |    75 |    10 |   130 |       |       ||  1463
       Constrict         |    15 |    17 |    12 |    21 |   182 |   181 |   151 |   165 |   263 ||  1007
       Tentacles         |     9 |    13 |    12 |    24 |   286 |   292 |   229 |   189 |   559 ||  1613
       Kick              |    16 |     7 |       |       |       |   395 |   389 |   308 |   945 ||  2060
       Punch             |       |     1 |       |     7 |    65 |    72 |    71 |    58 |   146 ||   420
       Hunting sling     |       |       |     1 |       |       |       |       |       |       ||     1
       Staff             |       |       |       |     3 |     1 |       |       |       |       ||     4
       Mace              |       |       |       |    24 |  1303 |    26 |       |       |       ||  1353
       Morningstar       |       |       |       |       |   120 |  1468 |  1116 |   749 |  1699 ||  5152
       Tailslap          |       |       |       |       |       |     2 |    20 |       |       ||    22
       Bite              |       |       |       |       |       |       |    19 |       |       ||    19
       Eveningstar       |       |       |       |       |       |       |       |     1 |       ||     1
 Fire: Hunting sling     |    11 |    28 |    98 |    51 |     1 |       |       |       |       ||   189
       Hand crossbow     |       |       |       |       |       |       |   344 |   577 |  1261 ||  2182
Throw: Stone             |     7 |     1 |     1 |    45 |   130 |    37 |    19 |       |       ||   240
 Cast: Beastly Appendage |    21 |     6 |       |       |       |       |       |       |       ||    27
       Sticks to Snakes  |     2 |     8 |    15 |    41 |     8 |     4 |     3 |       |     1 ||    82
       Spider Form       |       |    17 |    33 |    74 |     8 |       |       |       |       ||   132
       Statue Form       |       |       |       |    11 |   116 |   105 |    74 |    69 |   119 ||   494
       Ice Form          |       |       |       |       |     2 |       |       |       |       ||     2
       Blink             |       |       |       |       |       |     2 |       |       |       ||     2
       Shroud of Golubri |       |       |       |       |       |    11 |    55 |    41 |    47 ||   154
       Spectral Weapon   |       |       |       |       |       |    10 |    47 |    44 |    23 ||   124
       Regeneration      |       |       |       |       |       |     4 |    49 |    55 |   103 ||   211
       Dragon Form       |       |       |       |       |       |     1 |    10 |       |       ||    11
       Song of Slaying   |       |       |       |       |       |       |     8 |     4 |     5 ||    17
       Swiftness         |       |       |       |       |       |       |     4 |     8 |     3 ||    15
       Ozocubu's Armour  |       |       |       |       |       |       |     4 |     1 |     1 ||     6
       Portal Projectile |       |       |       |       |       |       |    19 |   119 |    60 ||   198
       Apportation       |       |       |       |       |       |       |       |       |   386 ||   386
       Shatter           |       |       |       |       |       |       |       |       |     7 ||     7
       Passage of Golubr |       |       |       |       |       |       |       |       |     4 ||     4
       Passwall          |       |       |       |       |       |       |       |       |     1 ||     1
Invok: Call Merchant     |       |       |       |     2 |     2 |     3 |     2 |       |     4 ||    13
       Bribe Branch      |       |       |       |       |       |       |       |       |     2 ||     2
 Abil: End Transformatio |       |     1 |       |    10 |    42 |     8 |    10 |     5 |    13 ||    89
       Breathe Fire      |       |       |       |       |       |       |     4 |       |       ||     4
       Evoke Invisibilit |       |       |       |       |       |       |       |     3 |    17 ||    20
Evoke: Wand              |       |       |       |     7 |     1 |     4 |    10 |     2 |    10 ||    34
  Use: Potion            |       |     1 |     1 |     4 |     6 |     6 |     3 |       |    13 ||    34
       Scroll            |       |     3 |     9 |    16 |    20 |    19 |    12 |    14 |    25 ||   118
 Stab: Sleeping          |     7 |    11 |     5 |     6 |    18 |    17 |     3 |    21 |    23 ||   111
       Distracted        |       |       |     3 |     5 |     3 |    12 |    17 |     9 |    49 ||    98
       Invisible         |       |       |       |     1 |       |       |       |       |    24 ||    25
       Confused          |       |       |       |       |       |       |     2 |       |       ||     2
       Petrified         |       |       |       |       |       |       |     1 |       |       ||     1
       Held in net/web   |       |       |       |       |       |       |       |       |     3 ||     3
  Eat: Chunk             |     4 |    11 |     7 |       |       |       |       |       |       ||    22
       Fruit             |       |       |     3 |     9 |     5 |     4 |     1 |    12 |     7 ||    41
       Royal jelly       |       |       |     2 |     3 |     2 |     8 |     7 |     4 |     8 ||    34
       Bread ration      |       |       |     2 |     4 |     4 |     8 |     1 |     1 |     9 ||    29
       Meat ration       |       |       |       |     2 |     7 |       |     8 |     5 |     8 ||    30
Armor: Skin              |     5 |    16 |    38 |   118 |   582 |   514 |   475 |   146 |   492 ||  2386
Dodge: Dodged            |    34 |    96 |   246 |   789 |  1101 |  1072 |  1070 |   494 |  1868 ||  6770
Block: Shield            |       |       |       |       |   636 |  1596 |  1347 |   642 |  1398 ||  5619
       Reflection        |       |       |       |       |     5 |   110 |    46 |       |       ||   161
       Other             |       |       |       |       |       |     2 |    23 |       |       ||    25

Table legend:
 A = Spawn XP
 B = Non-spawn XP
 C = Spawn XP percentage of total XP
 D = Spawn monster count
 E = Non-spawn monster count
 F = Spawn count percentage of total count
 G = Total turns spent on level
                    A         B        C        D         E        F      G
               +---------+---------+-------+---------+---------+-------+---------
         Total |   65306 | 1919105 |   3.3 |     128 |    3052 |   4.0 | 99393
               +---------+---------+-------+---------+---------+-------+---------
           D:1 |       0 |      58 |   0.0 |       0 |      31 |   0.0 |  1692
           D:2 |       0 |     116 |   0.0 |       0 |      29 |   0.0 |  1457
           D:3 |       0 |     544 |   0.0 |       0 |      37 |   0.0 |  1685
           D:4 |       0 |     528 |   0.0 |       0 |      19 |   0.0 |  1794
           D:5 |       0 |    1048 |   0.0 |       0 |      20 |   0.0 |  1410
           D:6 |       0 |    1258 |   0.0 |       0 |      13 |   0.0 |  1409
           D:7 |       0 |    1198 |   0.0 |       0 |      27 |   0.0 |  1695
           D:8 |       0 |    2997 |   0.0 |       0 |      41 |   0.0 |  2254
           D:9 |       0 |    4208 |   0.0 |       0 |      35 |   0.0 |  2058
          D:10 |       0 |    4593 |   0.0 |       0 |      35 |   0.0 |  1690
          D:11 |       0 |    5828 |   0.0 |       0 |      69 |   0.0 |  1769
          D:12 |       0 |    7369 |   0.0 |       0 |      32 |   0.0 |  1043
          D:13 |       0 |   19155 |   0.0 |       0 |      84 |   0.0 |  1748
          D:14 |       0 |   10690 |   0.0 |       0 |      30 |   0.0 |  1519
          D:15 |       0 |   69735 |   0.0 |       0 |     115 |   0.0 |  4082
        Lair:1 |       0 |    4029 |   0.0 |       0 |      16 |   0.0 |  2353
        Lair:2 |       0 |    3858 |   0.0 |       0 |      20 |   0.0 |  2691
        Lair:3 |       0 |    8996 |   0.0 |       0 |      37 |   0.0 |  2028
        Lair:4 |       0 |    8096 |   0.0 |       0 |      25 |   0.0 |  1488
        Lair:5 |       0 |   20197 |   0.0 |       0 |      74 |   0.0 |  3289
        Lair:6 |       0 |   16694 |   0.0 |       0 |      52 |   0.0 |  2569
      Shoals:1 |       0 |   27318 |   0.0 |       0 |      50 |   0.0 |  1746
      Shoals:2 |       0 |   13225 |   0.0 |       0 |      25 |   0.0 |  1009
      Shoals:3 |       0 |   14334 |   0.0 |       0 |      25 |   0.0 |  1071
      Shoals:4 |       0 |   43865 |   0.0 |       0 |      63 |   0.0 |  1635
      Spider:1 |       0 |   14298 |   0.0 |       0 |      44 |   0.0 |   957
      Spider:2 |       0 |   19627 |   0.0 |       0 |      54 |   0.0 |   859
      Spider:3 |       0 |   27470 |   0.0 |       0 |      65 |   0.0 |  2090
      Spider:4 |       0 |   35158 |   0.0 |       0 |      80 |   0.0 |  1694
       Slime:1 |       0 |    7306 |   0.0 |       0 |       9 |   0.0 |   513
       Slime:2 |       0 |   14727 |   0.0 |       0 |      18 |   0.0 |   645
       Slime:3 |       0 |   17846 |   0.0 |       0 |      34 |   0.0 |   928
       Slime:4 |       0 |   12315 |   0.0 |       0 |      20 |   0.0 |   415
       Slime:5 |       0 |   50126 |   0.0 |       0 |      66 |   0.0 |  1158
         Orc:1 |       0 |    7236 |   0.0 |       0 |      84 |   0.0 |  1499
         Orc:2 |       0 |   22050 |   0.0 |       0 |     125 |   0.0 |  3378
         Elf:1 |       0 |   26312 |   0.0 |       0 |      53 |   0.0 |  1388
         Elf:2 |       0 |   34583 |   0.0 |       0 |      44 |   0.0 |  1321
         Elf:3 |       0 |   60486 |   0.0 |       0 |      54 |   0.0 |  1930
      Vaults:1 |       0 |   38272 |   0.0 |       0 |      75 |   0.0 |  1843
      Vaults:2 |       0 |   60216 |   0.0 |       0 |     100 |   0.0 |  1864
      Vaults:3 |       0 |   55233 |   0.0 |       0 |      81 |   0.0 |  1982
      Vaults:4 |       0 |   62809 |   0.0 |       0 |      81 |   0.0 |  2186
      Vaults:5 |       0 |  127220 |   0.0 |       0 |      87 |   0.0 |  1902
       Crypt:1 |       0 |   84394 |   0.0 |       0 |      82 |   0.0 |  1587
       Crypt:2 |       0 |   37650 |   0.0 |       0 |      41 |   0.0 |   839
       Crypt:3 |       0 |   94111 |   0.0 |       0 |     124 |   0.0 |  2256
      Depths:1 |       0 |   25528 |   0.0 |       0 |      29 |   0.0 |  1672
      Depths:2 |       0 |   62334 |   0.0 |       0 |      78 |   0.0 |  1606
      Depths:3 |       0 |   26749 |   0.0 |       0 |      28 |   0.0 |  1244
      Depths:4 |       0 |   56991 |   0.0 |       0 |      55 |   0.0 |  2106
      Depths:5 |       0 |   56354 |   0.0 |       0 |      44 |   0.0 |  1240
         Zot:1 |       0 |   76298 |   0.0 |       0 |      38 |   0.0 |  1281
         Zot:2 |       0 |   40784 |   0.0 |       0 |      29 |   0.0 |   845
         Zot:3 |       0 |   85236 |   0.0 |       0 |      53 |   0.0 |  1374
         Zot:4 |       0 |  103647 |   0.0 |       0 |      51 |   0.0 |  1132
         Zot:5 |       0 |  139441 |   0.0 |       0 |      60 |   0.0 |  2495
       Abyss:1 |     583 |       0 | 100.0 |       3 |       0 | 100.0 |    64
       Abyss:2 |   17184 |   19159 |  47.3 |      38 |      33 |  53.5 |  1059
       Abyss:3 |    4021 |    2924 |  57.9 |      11 |       3 |  78.6 |   224
       Abyss:4 |   33824 |   10301 |  76.7 |      60 |      55 |  52.2 |   506
       Abyss:5 |    9694 |    5413 |  64.2 |      16 |      20 |  44.4 |   192
         IceCv |       0 |    8564 |   0.0 |       0 |      51 |   0.0 |  1894
               +---------+---------+-------+---------+---------+-------+---------
